 Dungeon Crawl Stone Soup version 0.25-a0-782-g655279ceaa (webtiles) character file.

Game seed: 15465052041009109197, levelgen mode: deterministic

10 tilp the Bolt Thrower (level 2, 0/16 HPs)
             Began as a Kobold Arcane Marksman on Apr 16, 2020.
             Hit by a boomerang thrown by a kobold (2 damage)
             ... on level 1 of the Dungeon.
             The game lasted 00:01:38 (648 turns).

tilp the Bolt Thrower (Kobold Arcane Marksman)       Turns: 648, Time: 00:01:38

Health: 0/16       AC:  3    Str:  7    XL:     2   Next: 30%
Magic:  1/3        EV: 15    Int: 14    God:
Gold:   32         SH:  0    Dex: 15    Spells: 2/3 levels left

rFire    . . .     SeeInvis .   a - +0 hand crossbow
rCold    . . .     Gourm    .   (shield restricted)
rNeg     . . .     Faith    .   e - +0 robe
rPois    .         Spirit   .   (no helmet)
rElec    .         Reflect  .   (no cloak)
rCorr    .         Harm     .   g - +0 pair of gloves
MR       .....                  (no boots)
Stlth    +.........             (no amulet)
HPRegen  0.05/turn              (no ring)
MPRegen  0.08/turn              (no ring)

@: no status effects
A: small, carnivore
a: no special abilities


You were on level 1 of the Dungeon.
You were full.

You visited 1 branch of the dungeon, and saw 1 of its levels.

You collected 32 gold pieces.

Inventory:

Hand Weapons
 a - a +0 hand crossbow (weapon)
 b - a +0 short sword of freezing
Missiles
 d - 69 bolts (quivered)
Armour
 e - a +0 robe (worn)
 g - a +0 pair of gloves (worn)
Jewellery
 h - a cursed +1 ring of protection
Scrolls
 c - a scroll of remove curse {unknown}
Comestibles
 f - 2 rations


   Skills:
 - Level 1.1 Fighting
 + Level 3.5 Crossbows
 - Level 2.4 Dodging
 - Level 1.1 Spellcasting
 - Level 3.0 Hexes


You had 2 spell levels left.
You knew the following spells:

 Your Spells              Type           Power        Failure   Level  Hunger
a - Corona                Hex            #......      8%          1    ##.....

Your spell library contained the following spells:

 Spells                   Type           Power        Failure   Level  Hunger
 Slow                     Hex            #.......     12%         2    ###....
 Inner Flame              Hex/Fire       #.......     38%         3    ####...
 Portal Projectile        Hex/Tloc       #.....       38%         3    ####...
 Cause Fear               Hex            #.........   58%         4    #####..
 Leda's Liquefaction      Hex/Erth       #.........   80%         4    #####..


Dungeon Overview and Level Annotations

Branches:
Dungeon (1/15)

Altars:


Innate Abilities, Weirdness & Mutations

You are small and have problems with some larger weapons.
You are carnivorous and can eat meat at any time.


Message History

Aim: a kobold, wearing a +0 robe and quivering 3 boomerangs (softly glowing)
You shoot a bolt. The bolt closely misses the kobold.
The kobold throws a boomerang.
The boomerang misses you.
The weapon returns to the kobold!
Firing (i - inventory)
d - 71 bolts (quivered)
Press: ? - help, Shift-Dir - straight line, f/p - kobold
Aim: a kobold, wearing a +0 robe and quivering 3 boomerangs (softly glowing)
You shoot a bolt. The bolt barely misses the kobold.
The kobold throws a boomerang.
The boomerang hits you.
* * * LOW HITPOINT WARNING * * *
The weapon returns to the kobold!
The kobold throws a boomerang.
The boomerang closely misses you.
The weapon returns to the kobold!
You aren't carrying any potions.
Firing (i - inventory)
d - 70 bolts (quivered)
Press: ? - help, Shift-Dir - straight line, f/p - kobold
Aim: a kobold, wearing a +0 robe and quivering 3 boomerangs (softly glowing)
You shoot a bolt.
The bolt hits the kobold but does no damage.
The kobold throws a boomerang.
The boomerang hits you.
You die...

#......(....#.#.########.
'.....(##...#.#.########.
#......((.....รท......)...
..g.............########.
###(........# #. #...K.......##
#. #............# #.
#....##......# #.
#...@##......# #.
####.#####...# #. #.# ...# #.#
...# #.......# ..# #########
###############################
#..............................


You could see a kobold.

Vanquished Creatures
  A leopard gecko (D:1)
  A bat (D:1)
  A hobgoblin (D:1)
  2 kobolds (D:1)
  A frilled lizard (D:1)
  A goblin (D:1)
  3 rats (D:1)
10 creatures vanquished.

Notes
Turn   | Place    | Note
-------+----------+-------------------------------------------
     0 | D:1      | tilp the Kobold Arcane Marksman began the quest for the
                  | Orb.
     0 | D:1      | Reached XP level 1. HP: 12/12 MP: 2/2
   521 | D:1      | Reached XP level 2. HP: 16/16 MP: 1/3
   648 | D:1      | Hit by a boomerang thrown by a kobold

Levels and vault maps discovered:
D:1:      wheals_arrival_shading, layout_basic

Skill      XL: |  1 |
---------------+----+-----
Crossbows      | 3 |  3.5
Fighting       | |  1.1
Dodging        | |  2.4
Spellcasting   | |  1.1
Hexes          | |  3.0

Action                   || total
-------------------------++-------
Melee: Dagger            ||     9
       Short sword       ||     7
 Fire: Hand crossbow     ||    20
 Cast: Corona            ||     6
  Eat: Chunk             ||     5
Armor: Robe              ||     6
Dodge: Dodged            ||    28

Table legend:
 A = Non-vault XP
 B = Vault XP
 C = Vault XP percentage of total XP
 D = Non-vault monster count
 E = Vault monster count
 F = Vault count percentage of total count
                 A         B        C        D         E       F
            +---------+---------+-------+---------+---------+-------
      Total |      15 |       0 |   0.0 |      10 |       0 |   0.0
            +---------+---------+-------+---------+---------+-------
        D:1 |      15 |       0 |   0.0 |      10 |       0 |   0.0
            +---------+---------+-------+---------+---------+-------
